 Dungeon Crawl Stone Soup version 0.17-a0-1-g1f4be75 (webtiles) character file.

219 McCoppin the Cudgeler (level 5, -9/45 HPs)
             Began as a Demonspawn Chaos Knight on Mar 5, 2015.
             Mangled by a small abomination (20 damage)
             ... summoned by the capriciousness of Xom
             ... on level 4 of the Dungeon.
             The game lasted 00:13:42 (3042 turns).

McCoppin the Cudgeler (Demonspawn Chaos Knight)     Turns: 3042, Time: 00:13:42

Health: -9/45      AC:  7    Str: 16    XL:     5   Next: 63%
Magic:  5/5        EV: 11    Int: 14    God:    Xom [*.....]
Gold:   146        SH:  0    Dex: 16    Spells: 0 memorised, 4 levels left

rFire  . . .     SeeInvis .     p - +0 mace (chaos)
rCold  . . .     Clarity  .     b - +2 leather armour
rNeg   . . .     SustAb   .     (no shield)
rPois  .         Gourm    .     (no helmet)
rElec  .         Spirit   .     l - +0 cloak
rCorr  .         Warding  .     i - +0 pair of gloves
rMut   .         Stasis   .     (no boots)
MR     .....                    d - amulet of regeneration
Stlth  +++.......               x - ring of stealth
                                h - +3 ring of strength

@: drained, not resistant to hostile enchantments, fairly stealthy
A: thin skeletal structure 2, blurry vision 1, robust 1, evolution 1
a: Renounce Religion


You were on level 4 of the Dungeon.
You worshipped Xom.
You were a special plaything of Xom.
You were hungry.

You visited 1 branch of the dungeon, and saw 4 of its levels.

You collected 146 gold pieces.

Inventory:

Hand weapons
 a - a +0 short sword
 p - a +0 mace of chaos (weapon)
 w - a +0 whip
Armour
 b - a +2 leather armour (worn)
 e - a +0 scale mail
 i - a +0 pair of gloves (worn)
 l - a +0 cloak (worn)
 y - a +0 chain mail
Jewellery
 d - an amulet of regeneration (around neck)
 h - a +3 ring of strength (left hand)
 t - an uncursed ring of sustain abilities
 x - a ring of stealth (right hand)
Scrolls
 c - 2 scrolls of noise {unknown}
 g - a scroll of magic mapping {unknown}
 k - 2 scrolls of remove curse {unknown}
 m - 2 scrolls of teleportation {unknown}
 n - a scroll of recharging {unknown}
 o - 3 scrolls of identify {unknown}
 q - a scroll of enchant weapon {unknown}
 r - a scroll of fear {unknown}
Potions
 f - a potion of flight
 s - 2 potions of haste {unknown}
 u - a potion of resistance {unknown}
 v - a potion of brilliance {unknown}
 z - a potion of agility
Comestibles
 j - 2 chunks of flesh
 A - a bread ration
 B - a meat ration


   Skills:
 - Level 3.0(2.8) Fighting
 + Level 5.8(5.7) Maces & Flails
 - Level 1.7(1.6) Armour
 - Level 0.8(0.7) Dodging


You had 4 spell levels left.
You didn't know any spells.

Dungeon Overview and Level Annotations

Branches:
Dungeon (4/15)
 Temple: D:4-7

Altars:
Kikubaaqudgha


Innate Abilities, Weirdness & Mutations

You have a moderately thin skeletal structure (Dex +4, Stealth+).
Scrolls take you a little longer to read.
You are robust (+10% HP).
You evolve.


Message History

Found an ancient bone altar of Kikubaaqudgha.
No target in view!
Xom's power touches on you for a moment.
A chorus of moans calls out to you!
You hit the small abomination but do no damage.
The small abomination hits you! x2
You are too injured to fight recklessly!
Drink which item? (? for menu, Esc to quit)
Okay, then.
Read which item? (? for menu, Esc to quit)
Okay, then.
Drink which item? (? for menu, Esc to quit)
Okay, then.
Read which item? (? for menu, Esc to quit)
The small abomination barely misses you.
You begin reading the scroll.
You continue reading the scroll.
The small abomination hits you!
* * * LOW HITPOINT WARNING * * *
The small abomination hits you!!
You die...

#≈...≈#.##########
#≈...≈#.#
#≈...≈#.#
#≈...≈#.#
###.###.# #.# #.#
#.# #x# #.###x#
#...@x# #######


You could see 3 small abominations.

Vanquished Creatures
  A quasit (D:2)
  A hound (D:4)
  3 orc priests (D:3)
  3 adders (D:2)
  A giant mite (D:4)
  2 worms
  3 giant geckos
  An ooze (D:4)
  5 orcs
  2 bat zombies (D:4)
  7 goblins
  4 hobgoblins
  9 kobolds
  A ball python (D:2)
  5 bats
  A giant newt (D:1)
  2 jackals (D:3)
  4 rats
55 creatures vanquished.

Notes
Turn   | Place    | Note
--------------------------------------------------------------
     0 | D:1      | McCoppin, the Demonspawn Chaos Knight, began the quest for the Orb.
     0 | D:1      | Reached XP level 1. HP: 18/18 MP: 1/1
    50 | D:1      | XOM: divination: detect creatures
   256 | D:1      | XOM: 3-stop teleportation journey
   264 | D:1      | XOM: 4-stop teleportation journey
   269 | D:1      | You fall through a shaft!
   384 | D:2      | Gained mutation: You have a somewhat thin skeletal structure (Dex +2, Stealth). [demonic ancestry]
   384 | D:2      | Reached XP level 2. HP: 17/24 MP: 2/2
   451 | D:2      | XOM: vitrification
   644 | D:2      | XOM: harmless Erth miscast
   653 | D:2      | XOM: god gift: dented ruby amulet {god gift}
   749 | D:2      | Reached XP level 3. HP: 29/29 MP: 3/3
   813 | D:2      | Reached skill level 4 in Maces & Flails
   861 | D:2      | XOM: polymorph adder -> ball python
   884 | D:2      | XOM: 7-stop teleportation journey
   916 | D:2      | XOM: medium Tloc miscast
   917 | D:2      | Noticed a spatial vortex
   917 | D:2      | Noticed a spatial vortex
   917 | D:2      | Noticed a spatial vortex
   998 | D:2      | XOM: summons 1 hostile demon
  1179 | D:1      | XOM: colour smoke trail
  1398 | D:1      | XOM: harmless Erth miscast
  1535 | D:1      | XOM: draining
  1750 | D:2      | XOM: harmless Tloc miscast
  1762 | D:2      | XOM: 3-stop teleportation journey
  1785 | D:3      | Gained mutation: You evolve. [potion of mutation]
  1785 | D:3      | Gained mutation: You possess an exceptional clarity of mind. [potion of mutation]
  1785 | D:3      | Gained mutation: You are robust (+10% HP). [potion of mutation]
  1807 | D:3      | XOM: give mutations
  1807 | D:3      | Lost mutation: You are robust (+10% HP). [Xom's mischief]
  1807 | D:3      | Lost mutation: You possess an exceptional clarity of mind. [Xom's mischief]
  1807 | D:3      | Gained mutation: Scrolls take you a little longer to read. [Xom's mischief]
  1825 | D:3      | Gained mutation: You have a moderately thin skeletal structure (Dex +4, Stealth+). [demonic ancestry]
  1825 | D:3      | Reached XP level 4. HP: 20/35 MP: 4/4
  1831 | D:3      | Reached skill level 5 in Maces & Flails
  2067 | D:3      | Reached XP level 5. HP: 26/41 MP: 5/5
  2152 | D:3      | Gained mutation: You are robust (+10% HP). [evolution]
  2592 | D:4      | Noticed an ogre
  2609 | D:4      | XOM: swap weapons
  2708 | D:4      | XOM: 2-stop teleportation journey
  3028 | D:4      | Found an ancient bone altar of Kikubaaqudgha.
  3039 | D:4      | XOM: medium Summ miscast
  3040 | D:4      | Noticed a small abomination
  3042 | D:4      | Mangled by a small abomination

Action                   |  1- 3 |  4- 6 || total
-------------------------+-------+-------++-------
Melee: Mace              |    97 |    81 ||   178
       Short sword       |       |    12 ||    12
  Use: Potion            |     4 |       ||     4
 Stab: Paralysed         |     2 |     2 ||     4
       Sleeping          |     1 |       ||     1
       Distracted        |       |     1 ||     1
  Eat: Bread ration      |     1 |       ||     1
       Beef jerky        |       |     1 ||     1
       Chunk             |       |     1 ||     1
